Map: Darkness Sanctuary LE

Players

CoWsSPHERE

  • Race: Zerg Zerg
  • League: Diamond
  • Spawn Location: 5:00

Spark - Winner!

  • Race: Terran Terran
  • League: Diamond
  • Spawn Location: 7:00

VOD

Have the link to the VOD?

Description

Time

  • Played on: May 29, 2018, 2:16 a.m.
  • Length: 6:40
Show
View Real Time Build Order
Export as new Build Order

CoWsSPHERE Zerg 

Build Orders: Pool First 

Get SALT Encoding   

  12  0:04  Extractor  
  11  0:15  Drone x2  
  13  0:21  Drone  
  15  0:28  Overlord  
  15  0:54  Drone x2  
  17  1:18  Spawning Pool  
  17  1:19  Hatchery  
  17  1:20  Drone  
  16  1:26  Drone  
  16  1:32  Drone x2  
  19  1:45  Extractor  
  18  1:48  Overlord  
  18  1:56  Drone  
  19  2:03  Drone  
  20  2:14  Overlord  
  20  2:17  Roach Warren  
  19  2:32  Queen  
  21  2:47  Spine Crawler  
  21  2:48  Drone  
  21  2:49  Drone x2  
  21  3:00  Roach  
  21  3:08  Roach  
  21  3:09  Roach x2  
  25  3:13  Drone  
  25  3:28  Drone  
  25  3:33  Roach x2  
  30  3:52  Drone  
  30  3:53  Drone  
  30  3:54  Roach x3  
  38  4:00  Roach  
  40  4:16  Roach  
  42  4:17  Drone x2  
  42  4:19  Overlord  
  44  4:52  Roach  
  44  4:53  Roach x3  
  50  5:05  Roach  
  40  5:15  Roach  
  28  5:41  Roach x2  
  33  5:42  Drone  
  33  5:43  Drone x2, Queen  
  35  5:57  Roach x2  
  35  5:58  Roach  
  35  6:01  Hatchery  
  32  6:20  Hatchery  
Show
View Real Time Build Order
Export as new Build Order

Spark Terran - Winner!

Build Orders: Reaper Expand 

Get SALT Encoding   

  12  0:01  SCV  
  13  0:13  SCV  
  14  0:20  Supply Depot  
  14  0:25  SCV  
  15  0:30  Refinery  
  15  0:41  SCV  
  16  0:49  Barracks  
  16  1:00  SCV  
  17  1:12  SCV  
  18  1:24  SCV  
  19  1:36  Reaper  
  19  1:37  Orbital Command  
  20  1:51  Command Center  
  20  2:03  SCV  
  20  2:08  Marine  
  21  2:12  Supply Depot  
  22  2:15  SCV  
  23  2:28  Bunker  
  23  2:33  Marine, SCV  
  23  2:36  Supply Depot  
  25  2:46  SCV  
  26  2:51  Marine  
  27  3:05  SCV  
  29  3:06  Orbital Command  
  29  3:12  Factory  
  28  3:15  Barracks  
  28  3:17  Barracks  
  28  3:18  Refinery  
  27  3:29  Bunker  
  27  3:34  SCV  
  27  3:38  SCV  
  29  3:46  SCV  
  30  3:50  SCV  
  31  3:56  Supply Depot, Barracks Tech Lab  
  31  3:58  Factory Tech Lab  
  31  3:59  Supply Depot  
  31  4:00  Supply Depot  
  31  4:01  Barracks Reactor  
  31  4:04  Barracks Reactor  
  31  4:17  Refinery  
  31  4:22  Siege Tank  
  31  4:23  Stimpack  
  35  4:25  Marauder  
  36  4:31  Starport  
  36  4:35  SCV  
  36  4:36  SCV  
  36  4:37  Refinery  
  38  4:39  Marine x2  
  38  4:47  SCV  
  38  4:48  SCV  
  35  4:53  Supply Depot  
  35  4:57  Marine  
  35  4:59  Marine  
  32  5:00  Marine x2  
  32  5:01  Marauder  
  36  5:09  Supply Depot  
  36  5:14  Marine  
  36  5:18  Marine  
  37  5:22  Marine  
  37  5:32  Marine  
  37  5:33  Siege Tank  
  41  5:36  Marine  
  42  5:49  Medivac  
  43  6:11  Marine x3  
  43  6:12  Marine  
  43  6:13  Marauder  
Tags
 
Add a new tag
Caveats
  • Supply blocks, unpowered buildings, or Contaminate may cause inaccurate times.
  • Supply counts are checked every 10 seconds.